 Dungeon Crawl Stone Soup version 0.29.1-1-gd02db6906a (webtiles) character file.

Game seed: 17356189378141636622

3028 tardwrangler69 the Thaumaturge (level 9, 0/62 HPs)
             Began as an Octopode Earth Elementalist on Oct 5, 2022.
             Was a Follower of Vehumet.
             Slain by a killer bee (8 damage)
             ... on level 8 of the Dungeon.
             The game lasted 00:14:18 (10286 turns).

tardwrangler69 the Thaumaturge (OpEE)              Turns: 10286, Time: 00:14:19

Health: 0/62       AC:  1    Str: 13    XL:     9   Next: 86%
Magic:  28/30      EV: 13    Int: 21    God:    Vehumet [*.....]
Gold:   335        SH:  5    Dex: 13    Spells: 18/24 levels left

rFire   . . .      SeeInvis .   p - staff of earth
rCold   . . .      Faith    .   (no shield)
rNeg    . . .      Spirit   .   (helmet restricted)
rPois   .          Reflect  +   v - amulet of reflection
rElec   .          Harm     .   j - +6 ring of strength
rCorr   .          Rampage  .   o - ring of magical power
Will    .....                   (no ring)
Stlth   +++.......              (no ring)
HPRegen 0.20/turn               (no ring)
MPRegen 0.22/turn               (no ring)
                                (no ring)
                                (no ring)

@: lethally poisoned (0 -> -19), about to teleport, marked
A: almost no armour, amphibious, 8 rings, camouflage 1, gelatinous body 1,
(nimble swimmer 1), tentacles
a: Renounce Religion


You were on level 8 of the Dungeon.
You worshipped Vehumet.
Vehumet was aware of your devotion.
You visited 2 branches of the dungeon, and saw 9 of its levels.
You also visited: Sewer and Ossuary.

You collected 335 gold pieces.

Inventory:

Hand Weapons
 r - a +2 short sword of holy wrath
Magical Staves
 p - a staff of earth (weapon)
Jewellery
 j - a +6 ring of strength (left tentacle)
 o - a ring of magical power (right tentacle)
 v - an amulet of reflection (around mantle)
Wands
 m - a wand of mindburst (17)
 t - a wand of paralysis (4)
Scrolls
 b - 8 scrolls of teleportation
 c - a scroll of amnesia
 e - 3 scrolls of fear
 n - a scroll of silence
 q - 2 scrolls of enchant weapon
 s - 4 scrolls of blinking
 w - a scroll of magic mapping
 y - a scroll of enchant armour
Potions
 a - 3 potions of magic
 f - 3 potions of brilliance
 g - 6 potions of heal wounds
 h - a potion of degeneration
 i - 3 potions of mutation
 k - 2 potions of lignification
 l - a potion of haste
 u - 2 potions of flight {unknown}
 x - 2 potions of attraction {unknown}
 A - a potion of ambrosia {unknown}
 C - 2 potions of resistance {unknown}


   Skills:
 + Level 5.7 Fighting
 - Level 2.0 Dodging
 - Level 2.6 Stealth
 - Level 8.0 Spellcasting
 - Level 6.8 Conjurations
 - Level 1.0 Transmutations
 - Level 5.8 Earth Magic


You had 18 spell levels left.
You knew the following spells:

 Your Spells              Type           Power      Damage    Failure   Level
a - Sandblast             Erth           98%        2d20      1%          1
b - Passwall              Tmut/Erth      28%        N/A       3%          2
c - Stone Arrow           Conj/Erth      100%       3d13      1%          3

Your spell library contained the following spells:

 Spells                   Type           Power      Damage    Failure   Level
 Shock                    Conj/Air       88%        1d8       1%          1
 Magic Dart               Conj           100%       1d8       1%          1
 Searing Ray              Conj           74%        2d7       1%          2
 Slow                     Hex            32%        N/A       8%          1
 Ensorcelled Hibernation  Hex/Ice        16%        N/A       12%         2
 Scorch                   Fire           16%        2d6       12%         2
 Flame Wave               Conj/Fire      22%        2d8       19%         4
 Fulminant Prism          Conj/Hex       11%        3d9       19%         4
 Petrify                  Tmut/Erth      34%        N/A       19%         4
 Confusing Touch          Hex            8%         N/A       24%         3
 Swiftness                Air            8%         N/A       24%         3
 Vampiric Draining        Necr           8%         2d6       24%         3
 Summon Cactus Giant      Summ           4%         N/A       100%        6


Dungeon Overview and Level Annotations

Branches:
Dungeon (8/15)             Temple (1/1) D:7           Sewer (visited)
Ossuary (visited)
   Lair: D:8-11

Altars:
Ashenzari
Cheibriados
Dithmenos
Elyvilon
Fedhas
Gozag
Hepliaklqana
Kikubaaqudgha
Nemelex Xobeh
Okawaru
Qazlal
Ru
Sif Muna
Trog
Uskayaw
Vehumet
Wu Jian
Yredelemnul
Zin
The Shining One

Shops:
D:5 (*[(:

Annotations:
D:5 exclusion: door


Innate Abilities, Weirdness & Mutations

You cannot wear most types of armour.
You are amphibious.
You can wear up to eight rings at the same time.
Your skin changes colour to match your surroundings (Stealth+).
Your rubbery body absorbs attacks. (AC +1, EV +1)
((You are camouflaged when in or above water. (Stealth+)))
You have tentacles for arms and can constrict up to eight enemies at once.


Message History

The orc hits you with a +0 hand axe! The orc warrior barely misses you.
There is an open door here.
The orc attacks as you move away! The orc hits you with a +0 hand axe.
The killer bee stings you!
You are poisoned.
The killer bee poisons you! The killer bee stings you!
Casting: Stone Arrow (safe; 1% risk of failure)
Confirm with . or Enter, or press ? or * to list all spells.
Aiming: Sandblast (safe; 1% risk of failure)
Press: ? - help, Shift-Dir - straight line, f/p - orc warrior
Aim: an orc warrior, wielding a +0 short sword and wearing a +0 chain mail (heavily wounded, 83% to hit)
You feel a surge of power!
The blast of sand hits the orc!
You kill the orc!
Vehumet accepts your kill.
You feel very sick. The killer bee closely misses you.
The killer bee completely misses you. The killer bee stings you!
The killer bee barely misses you.
Unknown command.
Unknown command.
As you read the scroll of teleportation, it crumbles to dust.
You feel strangely unstable.
You feel sick. The killer bee stings you.
* * * LOW HITPOINT WARNING * * *
The killer bee stings you.
* * * LOW HITPOINT WARNING * * *
You are lethally poisoned!
The killer bee poisons you! The killer bee misses you.
The killer bee stings you but does no damage.
You feel better. The killer bee stings you!
* * * LOW HITPOINT WARNING * * *
The killer bee stings you.
* * * LOW HITPOINT WARNING * * *
You are poisoned.
The killer bee poisons you! The killer bee stings you.
* * * LOW HITPOINT WARNING * * *
You are more poisoned.
The killer bee poisons you! The killer bee completely misses you.
The killer bee stings you.
* * * LOW HITPOINT WARNING * * *
The killer bee stings you!
You die...

################
#.....#....'...#
#.....#....#...#......#
#.....'.>..#...# .....#
#.....#....#...# .....#
###...########.#
.....####
##'#####.###.###........
#..........#.y.+.....z#
+..........#.@y#....z.#
#####.########y#......#
#..##.### #.o..######
#..#....# #....#
#..#....# #....#
#..#..[.+ +...$#
#..'>...# #....#
#..#....# #....#
#..##...# #....#


You could see an orc warrior and 3 killer bees.

Vanquished Creatures
  Sigmund (D:4)
  A steam dragon (D:7)
  2 vampire mosquitoes (D:7)
  Menkaure (D:4)
  A water moccasin (D:6)
  Duvessa (D:5)
  2 sky beasts (D:7)
  3 black bears
  An ice beast (D:6)
  2 ogres (D:6)
  A phantom (D:7)
  3 bullfrogs
  3 kobold brigands
  2 scorpions
  A necrophage (D:5)
  Dowan (D:5)
  2 orc priests (D:6)
  2 hounds
  4 jellies
  3 iguanas
  An orc wizard (D:6)
  12 mummies (Ossuary)
  7 adders
  A river rat (Sewer)
  An ufetubus (D:6)
  2 worms
  2 dart slugs
  25 orcs
  11 endoplasms
  8 giant cockroaches
  7 goblins
  5 hobgoblins
  14 jackals
  5 quokkas
  13 ball pythons
  5 bats
  9 frilled lizards
  A gnoll skeleton (Ossuary)
  2 goblin skeletons (Ossuary)
  21 kobolds
  5 orc skeletons (Ossuary)
  5 rats
  11 rat skeletons (Ossuary)
210 creatures vanquished.

Vanquished Creatures (others)
  12 fungi (D:5)
  2 plants
  6 toadstools (D:5)
20 creatures vanquished.

Grand Total: 230 creatures vanquished

Notes
Turn   | Place    | Note
-------+----------+-------------------------------------------
     0 | D:1      | tardwrangler69 the Octopode Earth Elementalist began the
                  | quest for the Orb.
     0 | D:1      | Reached XP level 1. HP: 11/11 MP: 3/3
   141 | D:1      | Found a faded altar of an unknown god.
   274 | D:1      | Reached XP level 2. HP: 17/17 MP: 3/5
   878 | D:1      | Reached XP level 3. HP: 21/21 MP: 3/6
  1502 | D:2      | You fall into a shaft and drop 2 floors!
  1506 | D:4      | Noticed Menkaure
  1515 | D:4      | HP: 1/21 [Menkaure (1)]
  1516 | D:4      | Killed Menkaure
  1517 | D:4      | Reached skill level 3 in Spellcasting
  1517 | D:4      | Reached XP level 4. HP: 1/27 MP: 2/9
  1517 | D:4      | Reached XP level 5. HP: 2/31 MP: 2/10
  1870 | D:4      | Noticed Sigmund
  1875 | D:3      | Reached skill level 4 in Spellcasting
  2076 | D:3      | Found a glowing drain.
  2139 | Sewer    | Entered a sewer
  2144 | Sewer    | Reached skill level 5 in Earth Magic
  2211 | Sewer    | Noticed a kobold brigand
  2216 | Sewer    | Killed a kobold brigand
  2217 | Sewer    | Reached XP level 6. HP: 27/36 MP: 7/12
  3313 | D:3      | Found a hide-covered altar of Uskayaw.
  3557 | D:2      | Reached XP level 7. HP: 37/41 MP: 9/14
  3700 | D:2      | Found a sacrificial altar of Ru.
  4344 | D:4      | Learned a level 2 spell: Passwall
  4349 | D:4      | Learned a level 3 spell: Stone Arrow
  4571 | D:4      | Killed Sigmund
  4572 | D:4      | Reached skill level 5 in Spellcasting
  4850 | D:5      | Entered Level 5 of the Dungeon
  5005 | D:5      | Noticed a slime creature
  5033 | D:5      | Noticed Dowan
  5034 | D:5      | Noticed Duvessa
  5076 | D:5      | Killed Duvessa
  5083 | D:5      | Killed Dowan
  5084 | D:5      | Reached skill level 6 in Spellcasting
  5084 | D:5      | Reached XP level 8. HP: 42/46 MP: 17/17
  5106 | D:5      | Found Guosemmah's Antique Weapon Shoppe.
  5222 | D:5      | Found Luexeif's Antique Armour Shop.
  5283 | D:5      | Found Biuho's Antique Weapon Shoppe.
  5443 | D:5      | Found Opulobed's Book Emporium.
  5804 | D:5      | Found Upyizxom's Assorted Antiques.
  5986 | D:5      | Noticed a slime creature
  5986 | D:5      | Noticed a slime creature
  6416 | D:6      | Reached skill level 5 in Conjurations
  6418 | D:6      | Reached skill level 7 in Spellcasting
  6863 | D:6      | Reached XP level 9. HP: 51/51 MP: 13/20
  7903 | D:7      | Reached skill level 8 in Spellcasting
  7940 | D:7      | Found a sacrificial altar of Ru.
  7997 | D:7      | Reached skill level 1 in Fighting
  8464 | D:7      | Found an opulent altar of Gozag.
  8862 | D:7      | Found a staircase to the Ecumenical Temple.
  9002 | Temple   | Entered the Ecumenical Temple
  9201 | Temple   | Became a worshipper of Vehumet
  9512 | D:8      | Found a sand-covered staircase.
  9517 | Ossuary  | Entered an ossuary
  9618 | Ossuary  | Reached skill level 5 in Fighting
  9870 | Ossuary  | Reached * piety under Vehumet
  9870 | Ossuary  | Offered knowledge of Shock by Vehumet.
 10190 | D:8      | Identified the +5 trident of the Breathing Firefly {flame,
                  | Fragile rF- Str+4 Dex+9}
 10195 | D:8      | Found a hazy altar of Hepliaklqana.
 10286 | D:8      | Slain by a killer bee

Illustrated notes

Levels and vault maps discovered:
D:1:      grunt_arrival_crossed_arrows, layout_basic,
          ebering_ecumenical_altar_mist
D:2:      layout_loops_ring, basic_altar, corexii_hall_statues_i,
          kennysheep_generic_room_2
D:3:      layout_loops_ring, eat_drink_and_be_merry_uskayaw,
          portal_sewer_entry_a
D:4:      layout_rooms, serial_bayou_crossing, uniq_sigmund, uniq_menkaure
D:5:      cheibrodos_fertilizer, layout_basic, serial_shops, nicolae_shop_stone,
          nicolae_lakefront_shop, shop_statue, nicolae_shop_window_shopping,
          nicolae_lakefront_shop, uniq_duvessa
D:6:      layout_basic
D:7:      layout_loops_ring, nicolae_ru_great_annihilating_truth,
          general_overflow_altar, minmay_temple_entry_poolview
D:8:      layout_gridville, mainiacjoe_overflow_catwalk_spiral,
          lair_entry_dummy, gammafunk_ghost_hydra_chop, enter_ossuary_2
Temple:   eino_temple_scatter_basement

Skill      XL: |  1  2  3  4  5  6  7  8  9 |
---------------+----------------------------+-----
Spellcasting   | 3 4 6 7 8 |  8.0
Earth Magic    | 4 5 |  5.8
Conjurations   | 3 5 6 |  6.8
Fighting       | 5 |  5.7
Dodging        | |  2.0
Stealth        | |  2.6
Transmutations | |  1.0

Action                   |  1- 3 |  4- 6 |  7- 9 || total
-------------------------+-------+-------+-------++-------
Melee: Unarmed           |    17 |     3 |       ||    20
       Constrict         |     4 |     2 |     1 ||     7
       Tentacles         |     4 |       |     2 ||     6
       Staff             |       |       |     5 ||     5
 Cast: Sandblast         |    43 |    84 |    89 ||   216
       Stone Arrow       |       |       |    91 ||    91
  Use: Scroll            |       |     8 |    13 ||    21
       Potion            |       |       |     3 ||     3
 Stab: Sleeping          |     2 |       |       ||     2
       Distracted        |       |       |     1 ||     1
Armor: Skin              |     2 |       |     4 ||     6
Dodge: Dodged            |    19 |    24 |    48 ||    91
Block: Other             |       |       |    10 ||    10
